[Event "Titled Tuesday Blitz January 03 Late 2023"]
[White "Dinu, Dumitru-Daniel"]
[Black "Pinheiro, Iung Alicio de O."]
[WhiteFideId "1208403"]
[BlackFideId "2104350"]
[WhiteElo "2203"]
[BlackElo "2306"]
[Result "0-1"]
[Round "07"]
[TimeControl "180+2"]
[Date "2023.01.03"]
[WhiteClock "0:00:17"]
[BlackClock "0:00:07"]

1. e4 c5 2. Be2 d5 3. d3 Nc6 4. f4 dxe4 5. dxe4 Qxd1+ 6. Bxd1 e5 7. Nf3 Bd6 8. O-O Nf6 9. Nc3 O-O 10. Nd5 Nxe4 11. fxe5 Nxe5 12. Nxe5 Bxe5 13. Bf3 Bd4+ 14. Be3 Bxe3+ 15. Nxe3 Nd2 16. Rfd1 Nxf3+ 17. gxf3 Be6 18. Rd6 Rfd8 19. Rad1 Rxd6 20. Rxd6 Kf8 21. f4 Ke7 22. Rd3 g6 23. Rc3 b6 24. Ra3 a5 25. c4 Rd8 26. Rb3 Rd6 27. Kf1 Kd7 28. Ke2 Kc6 29. Rc3 Rd4 30. Kf3 Rd2 31. Rb3 Rd4 32. Rc3 a4 33. h4 Rd2 34. Nc2 h5 35. b3 Bf5 36. Ne3 Rxa2 37. bxa4 Rxa4 38. Rc1 Be6 39. Rc3 Rb4 40. Ke4 b5 41. Ke5 Bxc4 42. Rc1 Be6 43. Rd1 Rb3 44. Re1 Rd3 45. Nc2 b4 46. Rc1 Rc3 47. Ke4 Rxc2 0-1


[Site "https://www.chess.com"]

[Event "Titled Tuesday Blitz January 03 Late 2023"]
[White "Le Goff, Ronan"]
[Black "Melikhov, Evgeny V."]
[WhiteFideId "612073"]
[BlackFideId "4122046"]
[WhiteElo "2320"]
[BlackElo "2269"]
[Result "0-1"]
[Round "07"]
[TimeControl "180+2"]
[Date "2023.01.03"]
[WhiteClock "0:00:49"]
[BlackClock "0:00:08"]

1. d4 Nf6 2. c4 e6 3. Nc3 Bb4 4. Nf3 d5 5. cxd5 exd5 6. Bg5 h6 7. Bf4 O-O 8. Rc1 c6 9. e3 Bd6 10. Bg3 Re8 11. Bd3 Ne4 12. Bxe4 dxe4 13. Nd2 Bxg3 14. hxg3 f5 15. g4 fxg4 16. Ncxe4 Nd7 17. Qxg4 Nf6 18. Qg6 Nxe4 19. Nxe4 Re6 20. Qf5 Qe8 21. Rh4 Rg6 22. Qf3 Be6 23. Nc3 Qd7 24. g3 Rf8 25. Rf4 Rgf6 26. Rxf6 Rxf6 27. Qe2 Bg4 28. Qc4+ Kh8 29. Ne4 Rf8 30. Nc5 Qf5 31. Qc2 Qh5 32. Nd3 Bf5 33. Nf4 Qh1+ 34. Kd2 Qf3 35. Qc5 Qxf2+ 36. Ne2 Bg4 37. Re1 Re8 38. Qc3 Bxe2 39. Rxe2 Qxg3 40. Qb4 b6 41. Qc4 Qd6 42. Kc2 c5 43. Rd2 cxd4 44. exd4 Re7 45. Kb3 Rc7 46. Qb4 Qd5+ 47. Ka3 Rc4 48. Qf8+ Kh7 49. b3 Rxd4 50. Rxd4 Qxd4 51. Qf5+ Kg8 52. Qe6+ Kf8 53. Qc8+ Ke7 54. Qc7+ Qd7 55. Qe5+ Kf7 56. Qf4+ Kg8 57. Qb8+ Kh7 58. Qf4 Qe7+ 59. Kb2 Qf6+ 60. Qxf6 gxf6 61. Kc3 h5 62. Kd4 h4 63. Ke4 Kg6 64. Kf3 Kg5 65. Kg2 Kg4 66. a4 f5 67. b4 f4 68. a5 f3+ 69. Kf2 bxa5 70. bxa5 Kf4 71. a6 h3 72. Kg1 Ke3 73. Kh2 f2 74. Kg3 f1=Q 75. Kh2 Qg2# 0-1


[Site "https://www.chess.com"]

[Event "Titled Tuesday Blitz January 03 Late 2023"]
[White "Mazibuko, Khanya"]
[Black "Egorov, Evgeny"]
[WhiteFideId "14321041"]
[BlackFideId "13700421"]
[WhiteElo "1913"]
[BlackElo "2294"]
[Result "0-1"]
[Round "07"]
[TimeControl "180+2"]
[Date "2023.01.03"]
[WhiteClock "0:00:06"]
[BlackClock "0:01:07"]

1. d4 d5 2. c4 Nc6 3. Nc3 dxc4 4. d5 Na5 5. Qa4+ c6 6. b4 b5 7. Qxa5 Qxa5 8. bxa5 b4 9. Nd1 cxd5 10. e4 e6 11. exd5 exd5 12. Nf3 Nf6 13. Be3 Be6 14. g3 Kd7 15. Bg2 Bd6 16. Bd4 Rhb8 17. Ne3 Rb5 18. O-O Rxa5 19. Rfd1 Rc8 20. Ng5 h6 21. Bxf6 gxf6 22. Nf3 Ke7 23. Nh4 Be5 24. Rab1 d4 25. Nef5+ Bxf5 26. Nxf5+ Ke6 27. Bh3 Kd5 28. Ne7+ Kc5 29. Bxc8 Rxa2 30. f4 Bc7 31. Rxb4 Kxb4 32. Nd5+ Kb3 33. Nxc7 d3 34. Bb7 Kc2 35. Rf1 d2 36. Nd5 Rb2 37. Ba6 c3 38. Ne3+ Kb3 39. Bd3 a5 40. Bc4+ Kb4 41. Bxf7 a4 42. Nd5+ Kb3 43. Ne3+ Kb4 44. Nd5+ Kc4 45. Nb6+ Kb5 46. Nd5 c2 47. Be8+ Kc5 48. Bxa4 c1=Q 0-1


[Site "https://www.chess.com"]

[Event "Titled Tuesday Blitz January 03 Late 2023"]
[White "Roman, Rodrigo"]
[Black "Carbone, Diego"]
[WhiteFideId "3701220"]
[BlackFideId "3002179"]
[WhiteElo "2058"]
[BlackElo "2336"]
[Result "0-1"]
[Round "07"]
[TimeControl "180+2"]
[Date "2023.01.03"]
[WhiteClock "0:00:03"]
[BlackClock "0:00:06"]

1. e4 c5 2. Nf3 e6 3. d4 cxd4 4. Nxd4 Nc6 5. Nc3 Qc7 6. Be2 a6 7. Be3 Nf6 8. O-O Bb4 9. Nxc6 bxc6 10. Qd4 c5 11. Qc4 O-O 12. a3 Bxc3 13. bxc3 Bb7 14. Qxc5 Qxc5 15. Bxc5 Rfc8 16. Bd4 Bxe4 17. Bd3 Bxd3 18. cxd3 Nd5 19. c4 Nf4 20. Be3 Nxd3 21. Rfd1 Ne5 22. c5 Ng4 23. Bf4 Rxc5 24. Rxd7 h5 25. Rb1 Nf6 26. Rdb7 Nd5 27. Bd6 Rc2 28. h3 Rac8 29. Ra7 R8c6 30. Rb8+ Kh7 31. Be5 Kg6 32. Rbb7 f6 33. Rxg7+ Kf5 34. Bg3 R2c3 35. a4 R3c4 36. Rh7 Rxa4 37. Rag7 Ra1+ 38. Kh2 Ke4 39. Rxh5 f5 40. Rh4+ Kd3 41. Be5 Re1 42. f4 Re4 43. Ra7 Ne3 44. Rh8 Nc4 45. Rd8+ Ke2 46. Bb8 Ne3 47. Rad7 Kf1 48. Rd2 Rc1 49. Be5 Nc4 50. R2d4 Nxe5 51. Rxe4 fxe4 52. fxe5 e3 53. Rd6 e2 54. Rxe6 e1=Q 55. Rf6+ Ke2 0-1


[Site "https://www.chess.com"]

[Event "Titled Tuesday Blitz January 03 Late 2023"]
[White "Reprintsev, Alexander"]
[Black "Weisz, Bryan"]
[WhiteFideId "14100541"]
[BlackFideId "30934133"]
[WhiteElo "2253"]
[BlackElo "1973"]
[Result "1-0"]
[Round "07"]
[TimeControl "180+2"]
[Date "2023.01.03"]
[WhiteClock "0:00:06"]
[BlackClock "0:00:40"]

1. e4 d5 2. exd5 Qxd5 3. Nc3 Qa5 4. b4 Qxb4 5. Rb1 Qd6 6. d4 Nf6 7. Nb5 Qd8 8. Bf4 Na6 9. Nf3 c6 10. Nc3 Nc7 11. Bd3 g6 12. O-O Bg7 13. Qd2 b6 14. Bh6 O-O 15. Bxg7 Kxg7 16. Rfe1 Bg4 17. Ne5 Qd6 18. h3 Be6 19. Ne2 c5 20. c3 cxd4 21. cxd4 Nd7 22. Nc4 Bxc4 23. Bxc4 Ne6 24. Bxe6 Qxe6 25. Ng3 Qd6 26. Qg5 Qf6 27. Nh5+ Kg8 28. Nxf6+ exf6 29. Qg4 Rad8 30. Re7 Nb8 31. Rxa7 Nc6 32. Ra6 Nxd4 33. Raxb6 f5 34. Qd1 Rfe8 35. Kh1 Ne2 36. Qa4 Nc3 37. Qa7 Nxb1 38. Rxb1 Rd2 39. Rb8 Re2 40. Rxe8+ Rxe8 41. a4 g5 42. a5 g4 43. hxg4 fxg4 44. Kh2 h5 45. Qd7 Re6 46. Qb5 h4 47. Qg5+ Rg6 48. Qxh4 f5 49. Kg3 Rc6 50. Qg5+ Kh8 51. Qxf5 Rc3+ 52. Kxg4 Rc4+ 53. Qf4 Rc6 54. Qg5 Rc4+ 55. f4 Rc2 56. Qe5+ Kg8 57. Qe8+ Kh7 58. Qe4+ Kg7 59. Qxc2 1-0


[Site "https://www.chess.com"]

[Event "Titled Tuesday Blitz January 03 Late 2023"]
[White "Rego, Vinicius V. de Almeida"]
[Black "Fisher_TheGalactic"]
[WhiteFideId "2106485"]
[WhiteElo "2238"]
[BlackElo "2492"]
[Result "0-1"]
[Round "07"]
[TimeControl "180+2"]
[Date "2023.01.03"]
[WhiteClock "0:00:03"]
[BlackClock "0:00:04"]

1. Nf3 b6 2. d4 Bb7 3. c4 e6 4. a3 Nf6 5. Nc3 Be7 6. d5 O-O 7. e4 exd5 8. cxd5 Re8 9. Be2 Bf8 10. Nd2 c6 11. Qb3 cxd5 12. exd5 Ba6 13. Nc4 Qc7 14. Ne3 Bxe2 15. Nxe2 Na6 16. O-O Nc5 17. Qc2 Rac8 18. Bd2 Bd6 19. h3 Nce4 20. Qxc7 Rxc7 21. Bc3 Nxc3 22. Nxc3 Be5 23. Nb5 Rc5 24. a4 a6 25. Nc3 Bxc3 26. bxc3 Rxc3 27. Rfb1 Rb8 28. Rb2 Rc7 29. Rab1 Rcb7 30. g4 b5 31. g5 Ne4 32. axb5 axb5 33. Nf5 b4 34. Rc2 Nxg5 35. Nd6 Rb6 36. Nc8 Rg6 37. Ne7+ Kf8 38. Nxg6+ hxg6 39. Rcb2 Nxh3+ 40. Kf1 Nf4 41. Rxb4 Rxb4 42. Rxb4 Nxd5 43. Rb8+ Ke7 44. Ra8 Nf4 45. Ra1 g5 46. Re1+ Kf6 47. Ra1 d5 48. Ra6+ Kf5 49. Ra7 Kg6 50. Ra6+ f6 51. Rd6 Kf5 52. Rd7 g6 53. Ra7 g4 54. Ra6 Kg5 55. Kg1 f5 56. Kh2 Kh4 57. Ra8 Nh5 58. Rh8 Kg5 59. Rd8 Nf6 60. Kg2 Kf4 61. Rd6 Ke5 62. Rd8 d4 63. Ra8 Ne4 64. Re8+ Kf4 65. Rd8 Ke5 66. Re8+ Kd5 67. Rd8+ Nd6 68. Rg8 d3 69. Kf1 Ne4 70. Rxg6 Ke5 71. Ke1 d2+ 72. Ke2 Kf4 73. Rg8 Ke5 74. Re8+ Kd4 75. Rf8 Ke5 76. Re8+ Kf6 77. Rf8+ Kg5 78. Rg8+ Kf4 79. Rf8 d1=Q+ 80. Kxd1 Nxf2+ 81. Ke2 Ne4 82. Kf1 Ng5 83. Kg2 Ne6 84. Ra8 Kg5 85. Ra5 Nf4+ 86. Kg3 Nh5+ 87. Kg2 Nf6 88. Kg3 Ne4+ 89. Kg2 Kf4 90. Rb5 g3 91. Ra5 Kg4 92. Ra8 f4 93. Rg8+ Ng5 94. Ra8 f3+ 95. Kh1 Ne4 96. Ra4 Kf4 97. Kg1 Ke3 98. Ra3+ Kf4 99. Ra4 Kf5 100. Ra5+ Kg4 101. Ra4 Kf4 102. Rb4 g2 103. Ra4 Kg3 104. Ra3 Ng5 105. Rb3 Nh3# 0-1


[Site "https://www.chess.com"]

[Event "Titled Tuesday Blitz January 03 Late 2023"]
[White "Almagro Mazariegos, Sebastian"]
[Black "Bochnicka, Vladimir"]
[WhiteFideId "2221640"]
[BlackFideId "14943450"]
[WhiteElo "2280"]
[BlackElo "2327"]
[Result "1-0"]
[Round "07"]
[TimeControl "180+2"]
[Date "2023.01.03"]
[WhiteClock "0:00:08"]
[BlackClock "0:00:12"]

1. e4 c5 2. Nf3 Nc6 3. d4 cxd4 4. Nxd4 Nf6 5. Nc3 e5 6. Ndb5 d6 7. Bg5 a6 8. Na3 b5 9. Nd5 Be7 10. Bxf6 Bxf6 11. c4 b4 12. Nc2 a5 13. g3 Bg5 14. Bg2 O-O 15. O-O Rb8 16. b3 Kh8 17. Qd3 f5 18. exf5 Bxf5 19. Be4 g6 20. Rad1 Qd7 21. Nde3 Bh3 22. Bg2 Bxg2 23. Kxg2 Rbd8 24. Qd5 Ne7 25. Qxa5 Rb8 26. Qxe5+ Bf6 27. Qxd6 Qb7+ 28. Nd5 Rbd8 29. Qe6 Nxd5 30. Rxd5 Bg7 31. Ne3 Rde8 32. Qd6 Qf7 33. Qf4 Qa7 34. Qg5 Qxa2 35. Rd3 Re5 36. Qg4 Qa8+ 37. Nd5 Qe8 38. Rf3 Ref5 39. Rxf5 Rxf5 40. Qd1 Qe4+ 41. f3 Qe5 42. Re1 Qb2+ 43. Re2 Qf6 44. Re8+ Bf8 45. Qe2 Qd6 46. Qe4 Kg7 47. Rc8 Re5 48. Rc7+ Qxc7 49. Nxc7 Rxe4 50. fxe4 Be7 51. Nd5 Bd6 52. Kf3 Be5 53. Nxb4 h5 54. Nd3 g5 55. h3 Kf6 56. g4 Bd6 57. c5 Bc7 58. gxh5 g4+ 59. hxg4 Kg5 60. b4 Bb8 61. b5 Bc7 62. b6 Bb8 63. c6 Bd6 64. c7 Bf4 65. b7 Kh4 66. c8=Q Kh3 67. b8=Q Bg5 68. Qf5 Bh4 69. Qb2 Bf2 70. Qe2 Kh2 71. Qxf2+ Kh1 72. Qg2# 1-0


[Site "https://www.chess.com"]

[Event "Titled Tuesday Blitz January 03 Late 2023"]
[White "Balint, Vilmos"]
[Black "Silva, Miguel Antonio Neto"]
[WhiteFideId "718050"]
[BlackFideId "1911929"]
[WhiteElo "2169"]
[BlackElo "2204"]
[Result "1-0"]
[Round "07"]
[TimeControl "180+2"]
[Date "2023.01.03"]
[WhiteClock "0:00:50"]
[BlackClock "0:00:13"]

1. e4 e6 2. d4 d5 3. Nc3 Bb4 4. exd5 exd5 5. Bd3 Nf6 6. Ne2 O-O 7. O-O c5 8. dxc5 Nc6 9. Bg5 Bxc5 10. Nxd5 Qxd5 11. Bxf6 Qh5 12. Bc3 Bg4 13. Qd2 Rad8 14. Ng3 Qh4 15. Qf4 Bd6 16. Qe4 Rfe8 17. Qa4 Be5 18. f3 Bd4+ 19. Bxd4 Rxd4 20. Rae1 Bd7 21. Rxe8+ Bxe8 22. Qb5 Rb4 23. Qf5 Qd4+ 24. Kh1 g6 25. Qc8 Qd8 26. Qxd8 Nxd8 27. b3 Bc6 28. Re1 Ne6 29. Ne4 Bxe4 30. Bxe4 Nc5 31. Bd5 Kf8 32. Kg1 Rd4 33. c4 Rd2 34. b4 Ne6 35. Bxe6 fxe6 36. Rxe6 Rxa2 37. Re5 Rc2 38. Rb5 b6 39. c5 bxc5 40. bxc5 a6 41. Ra5 Kf7 42. h4 Kf6 43. Rxa6+ Kf5 44. Ra5 Kf4 45. Kh2 h6 46. Ra6 Kf5 47. Rc6 g5 48. h5 g4 49. Kg3 gxf3 50. gxf3 Kg5 51. Rc8 Kxh5 52. c6 Kg6 53. c7 Kg7 54. f4 Rc4 55. f5 Rc5 56. f6+ Kxf6 57. Rf8+ Kg7 58. c8=Q 1-0


[Site "https://www.chess.com"]

[Event "Titled Tuesday Blitz January 03 Late 2023"]
[White "Pace, Christopher"]
[Black "Ibadov, Dashgyn"]
[WhiteFideId "2610167"]
[BlackFideId "24107514"]
[WhiteElo "2053"]
[BlackElo "2391"]
[Result "0-1"]
[Round "07"]
[TimeControl "180+2"]
[Date "2023.01.03"]
[WhiteClock "0:00:01"]
[BlackClock "0:00:09"]

1. e4 e6 2. d3 d5 3. Nd2 Nf6 4. Ngf3 c5 5. g3 Nc6 6. Bg2 g6 7. O-O Bg7 8. Re1 O-O 9. c3 a5 10. Qc2 a4 11. h3 b5 12. e5 Nd7 13. d4 cxd4 14. cxd4 Bb7 15. Nf1 Rc8 16. Qd2 Qe7 17. N1h2 Nb4 18. Rf1 Rc2 19. Qd1 Rfc8 20. a3 Na6 21. Qd3 b4 22. Bg5 Qe8 23. Ng4 Rxb2 24. axb4 Nxb4 25. Qa3 Rcc2 26. Ne3 Re2 27. Qxa4 Bc6 28. Qa7 h6 29. Bf6 Nxf6 30. exf6 Bxf6 31. Ng4 Bg7 32. Nfe5 h5 33. Ne3 Bxe5 34. dxe5 Kg7 35. g4 hxg4 36. Nxg4 d4 37. Qxd4 Bxg2 38. Kxg2 Qc6+ 39. Kg1 Qf3 40. Kh2 Nd5 0-1


[Site "https://www.chess.com"]

[Event "Titled Tuesday Blitz January 03 Late 2023"]
[White "Liu, Kelsey"]
[Black "Garcia Almaguer, Juan Manuel"]
[WhiteFideId "30944481"]
[BlackFideId "5110491"]
[WhiteElo "2065"]
[BlackElo "2090"]
[Result "0-1"]
[Round "07"]
[TimeControl "180+2"]
[Date "2023.01.03"]
[WhiteClock "0:01:45"]
[BlackClock "0:01:41"]

1. e4 e5 2. Nf3 Nc6 3. Bb5 a6 4. Bxc6 dxc6 5. O-O Qf6 6. h3 c5 7. c3 Ne7 8. d4 exd4 9. cxd4 cxd4 10. Bg5 Qg6 11. Qxd4 Nc6 12. Qd3 h6 13. Rd1 hxg5 14. Ne5 Qd6 0-1


[Site "https://www.chess.com"]

[Event "Titled Tuesday Blitz January 03 Late 2023"]
[White "Torres Dominguez, David"]
[Black "Papayan, Oleg"]
[WhiteFideId "2220857"]
[BlackFideId "4193911"]
[WhiteElo "1994"]
[BlackElo "2253"]
[Result "1-0"]
[Round "07"]
[TimeControl "180+2"]
[Date "2023.01.03"]
[WhiteClock "0:02:09"]
[BlackClock "0:00:33"]

1. e4 e5 2. Bc4 Nf6 3. Nc3 Nxe4 4. Qh5 Nd6 5. Qxe5+ Qe7 6. Qxe7+ Bxe7 7. Be2 c6 8. Nf3 Nf5 9. g4 Nh4 10. Nxh4 Bxh4 11. Ne4 Be7 12. d4 d5 13. Ng3 h6 14. f3 Bg5 15. Kf2 Bxc1 16. Raxc1 f6 17. Bd3 Kf7 18. h4 Nd7 19. Rce1 Rd8 20. Nf5 Rg8 21. Nd6+ Kf8 22. Re8# 1-0


[Site "https://www.chess.com"]

[Event "Titled Tuesday Blitz January 03 Late 2023"]
[White "Gasparyan, David"]
[Black "Kovacs, Klara"]
[WhiteFideId "13311980"]
[BlackFideId "733210"]
[WhiteElo "2142"]
[BlackElo "2121"]
[Result "0-1"]
[Round "07"]
[TimeControl "180+2"]
[Date "2023.01.03"]
[WhiteClock "0:00:51"]
[BlackClock "0:01:34"]

1. e4 e6 2. d4 d5 3. Nd2 Nf6 4. Bd3 c5 5. c3 Nc6 6. Ngf3 dxe4 7. Nxe4 Nxe4 8. Bxe4 cxd4 9. cxd4 Be7 10. O-O O-O 11. Bf4 Bf6 12. Bxc6 bxc6 13. Rc1 Bd7 14. Bd6 Re8 15. Re1 Qb6 16. b4 a5 17. a3 axb4 18. axb4 Ra2 19. Ra1 Rea8 20. Rxa2 Rxa2 21. Qb3 Qa6 22. h3 h5 23. Qe3 Qc4 24. Qf4 Qc2 25. Ne5 Bxe5 26. Bxe5 Qd2 27. Qxd2 Rxd2 28. Ra1 f6 29. Ra8+ Kh7 30. Bd6 Rxd4 31. Bc5 Rd1+ 32. Kh2 e5 33. h4 Bf5 34. Ra6 Be4 35. f3 Bd5 36. Ra7 Be6 37. Bf8 Rd7 38. Ra6 Bd5 39. Bc5 Kg8 40. Kg3 Kf7 41. Kf2 Ke6 42. b5 g5 43. bxc6 Rc7 44. hxg5 fxg5 45. Be3 Kf5 46. Ra5 Bxc6 47. Bd4 Re7 48. Rc5 Bb7 49. Be3 g4 50. fxg4+ hxg4 51. Kg3 Be4 52. Rc8 Rd7 53. Rf8+ Ke6 54. Rf2 Bf5 55. Ra2 Rd3 56. Kf2 g3+ 57. Ke2 Rb3 58. Ra6+ Kd5 59. Ra5+ Ke6 60. Ra6+ Kf7 61. Bg5 Bd3+ 62. Kf3 Bxa6+ 63. Kg4 Bb7 64. Kf5 Bxg2 65. Kxe5 Rb5+ 66. Kf4 Rxg5 67. Kxg5 Bd5 68. Kg4 g2 69. Kf4 g1=Q 70. Kf5 Qf2+ 71. Ke5 Qf3 72. Kd6 Qe4 73. Kc7 Be6 74. Kd8 Qd5+ 75. Kc7 Qd7+ 76. Kb6 Qc8 77. Kb5 Bd5 78. Kb4 Ke6 79. Ka3 Kd6 80. Kb2 Qc4 81. Kb1 Ke5 82. Kb2 Kd4 83. Kb1 Kc3 84. Ka1 Qf1# 0-1


[Site "https://www.chess.com"]

[Event "Titled Tuesday Blitz January 03 Late 2023"]
[White "Moreno Perez, Tobias Sebastian"]
[Black "Hernandez Bonilla, Amelia"]
[WhiteFideId "186716"]
[BlackFideId "3900193"]
[WhiteElo "2256"]
[BlackElo "1960"]
[Result "1-0"]
[Round "07"]
[TimeControl "180+2"]
[Date "2023.01.03"]
[WhiteClock "0:02:35"]
[BlackClock "0:02:49"]

1. e4 c5 2. Nc3 Nc6 3. Nge2 g6 4. g3 Bg7 5. Bg2 e6 6. O-O Nge7 7. f4 d6 8. d3 O-O 9. Kh1 f5 10. Be3 Nd4 11. a4 Rb8 12. a5 b6 13. axb6 axb6 14. Bxd4 c4 15. Bxg7 1-0


[Site "https://www.chess.com"]

[Event "Titled Tuesday Blitz January 03 Late 2023"]
[White "Della Corte, Alessandro"]
[Black "Smith, Garrett L"]
[WhiteFideId "813540"]
[BlackFideId "2024829"]
[WhiteElo "2160"]
[BlackElo "2047"]
[Result "1-0"]
[Round "07"]
[TimeControl "180+2"]
[Date "2023.01.03"]
[WhiteClock "0:01:07"]
[BlackClock "0:00:07"]

1. d4 Nf6 2. c4 g6 3. Nf3 Bg7 4. Nc3 d5 5. cxd5 Nxd5 6. Bd2 O-O 7. Rc1 b6 8. Bg5 Bb7 9. e3 h6 10. Bh4 g5 11. Bg3 c5 12. dxc5 Nxc3 13. Qxd8 Rxd8 14. bxc3 bxc5 15. Be2 Nc6 16. O-O g4 17. Nh4 h5 18. Nf5 Bf6 19. Rb1 Rd7 20. Rfd1 Rxd1+ 21. Bxd1 Bc8 22. e4 Bxc3 23. h3 Bxf5 24. exf5 gxh3 25. gxh3 Nd4 26. Bxh5 Nxf5 27. Bf4 Bd4 28. Bf3 Rc8 29. Rb7 c4 30. Be4 e6 31. Kf1 c3 32. Bc2 Bf6 33. Ke2 Nd4+ 34. Kd3 a6 35. Rb8 Rxb8 36. Bxb8 Nc6 37. Bd6 a5 38. Ba4 Nd4 39. f4 Nf5 40. Be5 Kg7 41. Kxc3 Bxe5+ 42. fxe5 Ne7 43. Kd4 Ng6 44. Bc6 Nf4 45. h4 Ng6 46. h5 Nf4 47. Bf3 Kh6 48. a4 Nxh5 49. Kc5 Nf4 50. Kb5 Nd3 51. Kxa5 Nxe5 52. Be4 f5 53. Bb7 f4 54. Kb5 f3 55. a5 f2 56. Bg2 Nd7 57. Kc6 Nb8+ 58. Kb7 Nd7 59. Kc7 Nc5 60. Kc6 Na6 61. Bf1 Nb8+ 62. Kb7 Nd7 63. Kc7 Nc5 64. Kc6 Na6 65. Bxa6 1-0


[Site "https://www.chess.com"]

[Event "Titled Tuesday Blitz January 03 Late 2023"]
[White "Zakarian, David"]
[Black "Fernandez Hernandez, Gerardo"]
[WhiteFideId "13301276"]
[BlackFideId "2207400"]
[WhiteElo "2306"]
[BlackElo "2181"]
[Result "1-0"]
[Round "07"]
[TimeControl "180+2"]
[Date "2023.01.03"]
[WhiteClock "0:01:43"]
[BlackClock "0:00:05"]

1. d4 Nf6 2. c4 e6 3. Nf3 Bb4+ 4. Nbd2 O-O 5. a3 Be7 6. e4 d6 7. Bd3 c5 8. d5 e5 9. h3 Nbd7 10. g4 g6 11. Nf1 Ne8 12. Bh6 Ng7 13. Ng3 Nf6 14. Qd2 Kh8 15. Rg1 Ng8 16. O-O-O Nxh6 17. Qxh6 Bd7 18. Nf5 gxf5 19. exf5 Rg8 20. f6 Nf5 21. Bxf5 Bxf5 22. fxe7 Qxe7 23. gxf5 e4 24. f6 Qf8 25. Rxg8+ Qxg8 26. Rg1 Qf8 27. Rg7 exf3 28. Qxh7# 1-0


[Site "https://www.chess.com"]

[Event "Titled Tuesday Blitz January 03 Late 2023"]
[White "Tamarozi, Isabelle"]
[Black "Estrada Nieto, Julian"]
[WhiteFideId "2132400"]
[BlackFideId "5101018"]
[WhiteElo "1982"]
[BlackElo "2215"]
[Result "0-1"]
[Round "07"]
[TimeControl "180+2"]
[Date "2023.01.03"]
[WhiteClock "0:00:01"]
[BlackClock "0:00:37"]

1. e4 e5 2. Nf3 Nc6 3. Bb5 a6 4. Ba4 Nf6 5. d3 d6 6. c3 g6 7. O-O Bg7 8. Nbd2 O-O 9. Qe2 Bd7 10. Rd1 Qe8 11. Bb3 Nh5 12. Nf1 Kh8 13. d4 exd4 14. cxd4 Bg4 15. d5 Nd4 16. Qe3 Nxf3+ 17. gxf3 Bd7 18. Bd2 Be5 19. Bc3 f6 20. Ng3 Nf4 21. Ne2 g5 22. Nd4 Qh5 23. Bc4 Rg8 24. Ne6 Bxe6 25. dxe6 Qh3 26. Bf1 Qxe6 27. Bxe5 fxe5 28. b3 g4 29. Kh1 Rg5 30. fxg4 Qxg4 31. f3 Qh4 32. Qe1 Qh5 33. Qf2 Rag8 34. Bc4 Rg2 35. Qxg2 Rxg2 0-1


[Site "https://www.chess.com"]

[Event "Titled Tuesday Blitz January 03 Late 2023"]
[White "Seletsky, Grigory"]
[Black "Aung Thant Zin"]
[WhiteFideId "14112191"]
[BlackFideId "13000063"]
[WhiteElo "2259"]
[BlackElo "2268"]
[Result "1-0"]
[Round "07"]
[TimeControl "180+2"]
[Date "2023.01.03"]
[WhiteClock "0:00:48"]
[BlackClock "0:00:03"]

1. e4 c5 2. Nc3 a6 3. f4 e6 4. Nf3 d5 5. e5 Nc6 6. d4 cxd4 7. Nxd4 Nge7 8. Nce2 Nxd4 9. Nxd4 Nc6 10. Be3 Qb6 11. Rb1 Bc5 12. c3 Bd7 13. Qd2 Nxd4 14. Bxd4 Bxd4 15. Qxd4 Qxd4 16. cxd4 Rc8 17. Kd2 Ke7 18. Bd3 h6 19. h4 Bb5 20. Rbc1 Bxd3 21. Kxd3 Kd7 22. h5 b5 23. g4 Rc4 24. b3 Rcc8 25. Kd2 b4 26. f5 a5 27. Rxc8 Rxc8 28. Rc1 Rxc1 29. Kxc1 f6 30. Kd2 fxe5 31. dxe5 Ke7 32. Ke3 Kf7 33. Kd4 Ke7 34. Kc5 Kd7 35. fxe6+ Kxe6 36. Kd4 1-0


[Site "https://www.chess.com"]

[Event "Titled Tuesday Blitz January 03 Late 2023"]
[White "Curtis, John"]
[Black "Mazurkiewicz, Michal"]
[WhiteFideId "3200256"]
[BlackFideId "1124943"]
[WhiteElo "2292"]
[BlackElo "2145"]
[Result "1-0"]
[Round "07"]
[TimeControl "180+2"]
[Date "2023.01.03"]
[WhiteClock "0:00:32"]
[BlackClock "0:00:05"]

1. e4 d6 2. d4 Nf6 3. Nc3 c6 4. Nf3 Bg4 5. Be2 e6 6. O-O d5 7. exd5 cxd5 8. Ne5 Bxe2 9. Nxe2 Bd6 10. Bf4 O-O 11. Nd3 Nc6 12. Bxd6 Qxd6 13. c3 e5 14. dxe5 Nxe5 15. Nxe5 Qxe5 16. Nd4 Rfe8 17. Re1 Qg5 18. Qb3 b6 19. Qb5 Qd2 20. Re2 Rxe2 21. Qxe2 Qxe2 22. Nxe2 Ne4 23. Rd1 Nf6 24. Nf4 Rd8 25. h4 h6 26. h5 Kf8 27. f3 Ke7 28. Kf2 Kd6 29. g4 Kc5 30. Rd4 a5 31. b3 Ng8 32. Nd3+ Kd6 33. c4 Ne7 34. cxd5 Nxd5 35. Nf4 Ke5 36. Re4+ Kf6 37. Rd4 Ke5 38. Re4+ Kd6 39. Nxd5 Kxd5 40. Re7 Kc5 41. Rxf7 Rd2+ 42. Kg3 Rxa2 43. Rxg7 Rb2 44. g5 hxg5 45. h6 Rb1 46. Rxg5+ Kb4 47. Kh2 Rb2+ 48. Rg2 Rxg2+ 49. Kxg2 Kxb3 50. h7 a4 51. h8=Q a3 52. f4 Ka2 53. Qb8 b5 54. Qxb5 Ka1 55. f5 a2 56. Qa5 Kb2 57. f6 1-0


[Site "https://www.chess.com"]

[Event "Titled Tuesday Blitz January 03 Late 2023"]
[White "Lock, Gavin R"]
[Black "Suvorov, Luca"]
[WhiteFideId "408646"]
[BlackFideId "12977071"]
[WhiteElo "2083"]
[BlackElo "2310"]
[Result "0-1"]
[Round "07"]
[TimeControl "180+2"]
[Date "2023.01.03"]
[WhiteClock "0:00:01"]
[BlackClock "0:00:42"]

1. d4 d6 2. e4 Nd7 3. Nc3 e5 4. Nf3 Ngf6 5. Bc4 Be7 6. O-O O-O 7. Re1 c6 8. a4 h6 9. Ba2 Re8 10. h3 Qc7 11. Be3 Nf8 12. Nh4 Be6 13. Bxe6 fxe6 14. dxe5 dxe5 15. Nf3 Rad8 16. Qe2 Bb4 17. Qc4 Bxc3 18. bxc3 b6 19. Reb1 Ng6 20. a5 b5 21. Rxb5 Nxe4 22. a6 Nd6 23. Qg4 Nxb5 24. Qxg6 Qf7 25. Qxf7+ Kxf7 26. Nxe5+ Kg8 27. Nxc6 Rd7 28. c4 Nd6 29. Ne5 Rc7 30. Rb1 Rec8 31. c5 Nf7 32. Nd3 Nd8 33. Bf4 Rd7 34. g4 Rc6 35. Ra1 Rc8 36. Kg2 Nc6 37. Bd6 Nd4 38. Ne5 Rdd8 39. Rb1 Nc6 40. f4 Nxe5 41. fxe5 Rc6 42. Ra1 Rdc8 43. Kf3 Kf7 44. Ke4 Ke8 45. Kd4 Kd7 46. Rb1 Rxa6 47. Rb7+ Kc6 48. Rxg7 Ra4+ 49. c4 a5 50. Rg6 Ra1 51. Rxe6 a4 52. Re7 a3 53. Ra7 a2 0-1


[Site "https://www.chess.com"]

[Event "Titled Tuesday Blitz January 03 Late 2023"]
[White "marik_spb"]
[Black "qiaohu_henry"]
[WhiteElo "2401"]
[BlackElo "2253"]
[Result "0-1"]
[Round "07"]
[TimeControl "180+2"]
[Date "2023.01.03"]
[WhiteClock "0:00:05"]
[BlackClock "0:00:13"]

1. e4 e6 2. d4 d5 3. Nd2 Nf6 4. e5 Nfd7 5. f4 c5 6. c3 Nc6 7. Ngf3 Qb6 8. Nb3 a5 9. Be3 a4 10. dxc5 Nxc5 11. Nxc5 Bxc5 12. Bxc5 Qxc5 13. Nd4 Qb6 14. Bb5 Bd7 15. Bxc6 bxc6 16. O-O c5 17. Nf3 Qxb2 18. f5 Qxc3 19. fxe6 Bxe6 20. Rc1 Qe3+ 21. Kh1 O-O 22. Re1 Qa3 23. Ng5 h6 24. Nf3 Rfd8 25. Qc2 Rac8 26. Qd2 d4 27. Qf4 Qxa2 28. Nd2 d3 29. Ra1 Qd5 30. Rxa4 c4 31. Ne4 c3 32. Raa1 d2 33. Red1 Rc4 34. Nf6+ gxf6 35. Qg3+ Rg4 36. Qxc3 Qxg2# 0-1


[Site "https://www.chess.com"]